 Dungeon Crawl Stone Soup version 0.26-a0-201-gb271ac0 (webtiles) character file.

Game seed: 2491632207632360682

119 Atlas the Slasher (level 4, -1/54 HPs)
             Began as a Demonspawn Monk on July 6, 2020.
             Slain by Crazy Yiuf
             ... wielding a +3 quarterstaff of chaos
              (10 damage)
             ... on level 2 of the Dungeon.
             The game lasted 00:02:18 (2691 turns).

Atlas the Slasher (Demonspawn Monk)                 Turns: 2691, Time: 00:02:18

Health: -1/54      AC:  5    Str: 13    XL:     4   Next: 74%
Magic:  0/4        EV: 12    Int: 11    God:
Gold:   120        SH:  0    Dex: 15    Spells: 3/3 levels left

rFire    + . .     SeeInvis .   a - +0 falchion
rCold    x . .     Faith    +   (no shield)
rNeg     . . .     Spirit   .   e - +0 ring mail
rPois    .         Reflect  .   (helmet restricted)
rElec    .         Harm     .   (no cloak)
rCorr    .                      (no gloves)
MR       .....                  (no boots)
Stlth    ..........             g - amulet of faith
HPRegen  0.18/turn              l - ring of fire
MPRegen  0.09/turn              (no ring)

@: berserking, hasted, very quick
A: antennae 1, spiny 1
a: no special abilities


You were on level 2 of the Dungeon.
You were not hungry.

You visited 1 branch of the dungeon, and saw 2 of its levels.

You collected 120 gold pieces.

Inventory:

Hand Weapons
 a - a +0 falchion (weapon)
Armour
 e - a +0 ring mail (worn)
Jewellery
 g - an amulet of faith (around neck)
 l - a ring of fire (left hand)
Scrolls
 b - 3 scrolls of identify {unknown}
 h - 2 scrolls of amnesia {unknown}
 i - a scroll of enchant weapon {unknown}
 m - a scroll of enchant armour {unknown}
Potions
 d - 2 potions of might {unknown}
 j - a potion of magic {unknown}
 k - a potion of heal wounds {unknown}
 n - a potion of lignification {unknown}
 o - a potion of curing {unknown}
Comestibles
 c - 6 rations
 f - 3 chunks of flesh


   Skills:
 + Level 3.6 Fighting
 + Level 3.8 Long Blades
 + Level 1.5 Armour
 + Level 3.2 Dodging
 + Level 1.8 Stealth


You had 3 spell levels left.
You didn't know any spells.
Your spell library was empty.

Dungeon Overview and Level Annotations

Branches:
Dungeon (2/15)

Altars:
Gozag
Okawaru

Annotations:
D:2 Crazy Yiuf


Innate Abilities, Weirdness & Mutations

You have a pair of small antennae on your head.
You are partially covered in sharp spines.


Message History

A red film seems to cover your vision as you go berserk!
You feel yourself moving faster!
You feel mighty!
You barely miss Crazy Yiuf.
Crazy Yiuf is severely wounded.
Crazy Yiuf hits you with a +3 quarterstaff of chaos!
You feel your power leaking away.
You hit Crazy Yiuf.
Crazy Yiuf is severely wounded.
You hit Crazy Yiuf but do no damage.
Crazy Yiuf is severely wounded.
Crazy Yiuf hits you with a +3 quarterstaff of chaos!
* * * LOW HITPOINT WARNING * * *
You feel yourself speed up.
Your ring mail prevents you from hitting Crazy Yiuf.
Crazy Yiuf is severely wounded.
Crazy Yiuf closely misses you.
You closely miss Crazy Yiuf.
Crazy Yiuf is severely wounded.
Crazy Yiuf hits you with a +3 quarterstaff of chaos!
You die...

..........#............##.######
.....>....##.........#.##.#
....##################..#.#
.#..# #..#.## )...####### #####
#.....# ..........# #)..#
#...#.## .#........## #...#
#......# .#.........# #.g.#
#....#.## .#.######..# #@#
#.......#### ....# ##..# #.##
#...#.#..... ##### #...# ##.#
#...#.#..### #...# #.##
#...#.#..### ####...# ##.#
#.###....^## #......# ##.## #.#
#...<.'. #......# #.P.#
#.###.....## ####......# #.PP#
#.#.#.#...# #........## ##..##
#.........#


You could see Crazy Yiuf.

Vanquished Creatures
  7 adders (D:2)
  2 worms (D:2)
  A dart slug (D:1)
  4 giant cockroaches
  5 goblins
  5 hobgoblins
  4 jackals (D:1)
  2 quokkas (D:2)
  4 bats
  5 frilled lizards
  5 kobolds
  11 rats
  2 fungi (D:2)
57 creatures vanquished.

Vanquished Creatures (others)
  A rat (D:1)
1 creature vanquished.

Grand Total: 58 creatures vanquished

Notes
Turn   | Place    | Note
-------+----------+-------------------------------------------
     0 | D:1      | Atlas the Demonspawn Monk began the quest for the Orb.
     0 | D:1      | Reached XP level 1. HP: 18/18 MP: 1/1
   271 | D:1      | Gained mutation: You have a pair of small antennae on your
                  | head. [demonic ancestry]
   271 | D:1      | Reached XP level 2. HP: 24/24 MP: 2/2
  1006 | D:1      | Gained mutation: You are partially covered in sharp spines.
                  | [demonic ancestry]
  1006 | D:1      | Reached XP level 3. HP: 22/29 MP: 3/3
  1881 | D:2      | Reached XP level 4. HP: 12/35 MP: 4/4
  2116 | D:2      | Reached skill level 1 in Armour
  2435 | D:2      | Found an opulent altar of Gozag.
  2435 | D:2      | Found an iron altar of Okawaru.
  2556 | D:2      | Found a runed translucent door.
  2557 | D:2      | Noticed Crazy Yiuf
  2691 | D:2      | Slain by Crazy Yiuf

Illustrated notes

Levels and vault maps discovered:
D:1:      minmay_arrival_four_loops, layout_loops_ring, chequers_big_river,
          lemuel_flame_loot_1
D:2:      minmay_wonky_spiral, layout_basic, gammafunk_temple_overflow_elements,
          uniq_crazy_yiuf_cottage

Skill      XL: |  1  2  3  4 |
---------------+-------------+-----
Long Blades    | 3 |  3.8
Dodging        | 3 |  3.2
Armour         | 1 |  1.5
Fighting       | |  3.6
Stealth        | |  1.8

Action                   |  1- 3 |  4- 6 || total
-------------------------+-------+-------++-------
Melee: Falchion          |   147 |    66 ||   213
 Stab: Sleeping          |     1 |     1 ||     2
       Distracted        |       |     1 ||     1
  Eat: Chunk             |     3 |     3 ||     6
Armor: Ring mail         |    90 |     8 ||    98
Dodge: Dodged            |    93 |    16 ||   109
       Rpst.: Falchion   |    35 |     9 ||    44

Table legend:
 A = Non-vault XP
 B = Vault XP
 C = Vault XP percentage of total XP
 D = Non-vault monster count
 E = Vault monster count
 F = Vault count percentage of total count
                 A         B        C        D         E       F
            +---------+---------+-------+---------+---------+-------
      Total |     155 |      16 |   9.4 |      52 |       3 |   5.5
            +---------+---------+-------+---------+---------+-------
        D:1 |      42 |       0 |   0.0 |      26 |       0 |   0.0
        D:2 |     113 |      16 |  12.4 |      26 |       3 |  10.3
            +---------+---------+-------+---------+---------+-------
